 Dungeon Crawl Stone Soup version 0.16-a0-220-g6a27b25 (webtiles) character file.

93 kitkette the Sneak (level 4, 0/29 HPs)
             Began as an Octopode Assassin on Aug 18, 2014.
             Slain by avis' ghost (11 damage)
             ... on Level 3 of the Dungeon.
             The game lasted 00:05:57 (2481 turns).

kitkette the Sneak (Octopode Assassin)              Turns: 2481, Time: 00:05:57

HP   0/29        AC  1     Str 10      XL: 4   Next: 62%
MP   4/4         EV 12     Int 13      God:
Gold 95          SH  0     Dex 14      Spells:  0 memorised,  3 levels left

rFire  . . .     SeeInvis +     a - +2 dagger
rCold  . . .     Clarity  .     (no shield)
rNeg   . . .     rCorr    .     (helmet restricted)
rPois  .         rRot     .     (no amulet)
rElec  .         Spirit   .     d - ring of see invisible
SustAb .         Warding  .     (no ring)
rMut   .         Stasis   .     (no ring)
Gourm  .                        (no ring)
MR     .....                    (no ring)
                                (no ring)
                                (no ring)
                                (no ring)

@: not resistant to hostile enchantments, quite stealthy
A: almost no armour, amphibious, 8 rings, constrict 8, camouflage 1, gelatinous
body 1
a: no special abilities


You were on level 3 of the Dungeon.
You were not hungry.

You visited 1 branch of the dungeon, and saw 3 of its levels.

You collected 95 gold pieces.

Inventory:

Hand weapons
 a - a +2 dagger (weapon)
 b - a +0 blowgun
Missiles
 e - 22 poisoned needles
 f - 9 curare-tipped needles
 n - 8 poisoned tomahawks (quivered)
Comestibles
 g - 3 bread rations
Scrolls
 c - 2 scrolls of identify {unknown}
 i - a scroll of fog {unknown}
 l - 2 scrolls of fear {unknown}
 o - a scroll of remove curse {unknown}
Jewellery
 d - a ring of see invisible (left tentacle)
 m - an uncursed ring of fire
Potions
 h - a potion of degeneration {unknown}
 j - a potion of might {unknown}
 k - 2 potions of curing
 r - a potion of haste {unknown}


   Skills:
 - Level 2.0 Fighting
 * Level 3.4 Short Blades
 - Level 2.0 Throwing
 - Level 1.0 Dodging
 - Level 7.0 Stealth


You had 3 spell levels left.
You didn't know any spells.

Dungeon Overview and Level Annotations

Branches:
Dungeon (3/15)

Altars:

Annotations:
D:3 avis' ghost, average HOBe


Innate Abilities, Weirdness & Mutations

You cannot wear most types of armour.
You are amphibious.
You can wear up to eight rings at the same time.
You can use your tentacles to constrict many enemies at once.
Your skin changes colour to match your surroundings (Stealth).
Your rubbery body absorbs attacks (AC +1).


Message History

There is a stone staircase leading down here.
Found 26 gold pieces.
You now have 95 gold pieces (gained 9).
Avis' ghost turns its malevolent gaze towards you.
Found a scroll labeled BIHOIL IHAMO.
Found a gluggy silvery potion.
Found a stone staircase leading up.
There is a stone staircase leading up here.
You hit avis' ghost.
Avis' ghost is lightly damaged.
Avis' ghost ripples.
Avis' ghost barely misses you.
You hit avis' ghost.
Avis' ghost is lightly damaged.
Avis' ghost hits you.
You hit avis' ghost but do no damage.
Avis' ghost is lightly damaged.
Avis' ghost hits you! Avis' ghost hits you!
You die...

.
#..#.......#.......#
###..#.######.##...#.
. #......##### .#
...$ ..# #.#........#
.# ...
#.!.###.#.######.# .#
. #........# .#
#........# .#
#........######.##.#
#?........W@.......#
#........######.####
#........# #........#
.#####..# #... ....
.... ..#


You could see avis' ghost.

Vanquished Creatures
  Terence (D:2)
  2 adders (D:2)
  A giant mite (D:2)
  A worm (D:2)
  An orc (D:3)
  11 goblins
  5 hobgoblins
  4 jackals (D:2)
  4 kobolds
  2 quokkas (D:2)
  6 bats
  2 giant geckos
  6 giant newts
  4 rats
50 creatures vanquished.

Notes
Turn   | Place    | Note
--------------------------------------------------------------
     0 | D:1      | kitkette, the Octopode Assassin, began the quest for the Orb.
     0 | D:1      | Reached XP level 1. HP: 14/14 MP: 1/1
   229 | D:1      | Reached XP level 2. HP: 19/19 MP: 2/2
   653 | D:1      | Reached skill level 6 in Stealth
   837 | D:2      | Reached XP level 3. HP: 6/24 MP: 3/3
  1232 | D:2      | Noticed Terence
  1287 | D:2      | Killed Terence
  1287 | D:2      | Reached XP level 4. HP: 7/29 MP: 4/4
  1288 | D:2      | Upgraded the game from 0.16-a0-141-g00d6247 to 0.16-a0-220-g6a27b25
  2172 | D:2      | Reached skill level 7 in Stealth
  2421 | D:3      | Noticed avis' ghost (average HOBe)
  2481 | D:3      | Slain by avis' ghost

Action                   |  1- 3 |  4- 6 || total
-------------------------+-------+-------++-------
Melee: Dagger            |    74 |    37 ||   111
  Use: Potion            |     2 |       ||     2
 Stab: Sleeping          |     6 |     2 ||     8
  Eat: Chunk             |     1 |     4 ||     5
